 Dungeon Crawl Stone Soup version 0.30-a0-177-g1cb5dbfd7a (webtiles) character file.

Game seed: 13294120404382797906

119 porpoise the Ruffian (level 4, -1/45 HPs)
             Began as a Troll Warper on Oct 3, 2022.
             Frozen to death by an endoplasm (2 damage)
             ... on level 3 of the Dungeon.
             The game lasted 00:05:51 (1293 turns).

porpoise the Ruffian (Troll Warper)                 Turns: 1293, Time: 00:05:52

Health: -1/45      AC:  4    Str: 19    XL:     4   Next: 73%
Magic:  4/4        EV: 10    Int:  9    God:
Gold:   68         SH:  0    Dex: 11    Spells: 5/5 levels left

rFire   . . .      SeeInvis .      - Unarmed
rCold   . . .      Faith    .    (no shield)
rNeg    . . .      Spirit   .    a - +0 robe
rPois   .          Reflect  .    (helmet restricted)
rElec   .          Harm     .    (no cloak)
rCorr   .          Rampage  .    (gloves unavailable)
Will    .....                    (boots unavailable)
Stlth   +.........               (no amulet)
HPRegen 1.07/turn                (no ring)
MPRegen 0.09/turn                (no ring)

@: no status effects
A: large, unfitting armour, claws 3, regeneration 1, shaggy fur 1, tough skin 1
a: no special abilities


You were on level 3 of the Dungeon.
You visited 1 branch of the dungeon, and saw 3 of its levels.

You collected 68 gold pieces.

Inventory:

Hand Weapons
 b - a +0 sling
 w - a +2 dagger of draining
Missiles
 c - 7 boomerangs of dispersal
 k - a large rock (quivered)
Armour
 a - a +0 robe (worn)
 m - an orb of guile
Scrolls
 d - 3 scrolls of fear {unknown}
 e - a scroll of immolation {unknown}
 f - a scroll of blinking
 g - a scroll of brand weapon {unknown}
 h - 3 scrolls of identify {unknown}
 i - a scroll of vulnerability {unknown}
Potions
 j - a potion of curing {unknown}
 l - a potion of haste {unknown}


   Skills:
 + Level 3.1 Fighting
 - Level 0.8 Throwing
 - Level 1.9 Dodging
 + Level 3.7 Unarmed Combat
 - Level 1.2 Spellcasting
 - Level 2.1 Translocations


You had 5 spell levels left.
You didn't know any spells.
Your spell library contained the following spells:

 Spells                   Type           Power      Damage    Failure   Level
 Blink                    Tloc           8%         N/A       22%         2
 Gell's Gravitas          Tloc           4%         N/A       41%         3
 Lesser Beckoning         Tloc           4%         N/A       41%         3
 Teleport Other           Tloc           4%         N/A       41%         3
 Scorch                   Fire           0%         2d5       50%         2
 Ozocubu's Armour         Ice            0%         N/A       73%         3
 Stone Arrow              Conj/Erth      0%         3d7       73%         3
 Manifold Assault         Tloc           4%         N/A       82%         4
 Animate Armour           Summ/Erth      0%         N/A       98%         4
 Flame Wave               Conj/Fire      0%         2d4       98%         4
 Summon Cactus Giant      Summ           0%         N/A       100%        6
 Ozocubu's Refrigeration  Ice            0%         4d7       100%        7
 Lehudib's Crystal Spear  Conj/Erth      0%         10d2      100%        8


Dungeon Overview and Level Annotations

Branches:
Dungeon (3/15)

Altars:
Wu Jian


Innate Abilities, Weirdness & Mutations

You are too large for most types of armour.
You have claws for hands.
Your natural rate of healing is unusually fast.
You are covered in fur. (AC +1)
You have tough skin. (AC +1)


Message History

The orc priest looks satisfied for a moment.
Throw: 4 large rocks
Press: ? - help, Q - select action, (/) - cycle Shift-Dir - straight line, f/p - orc priest
Aim: an orc priest, wielding a +0 club and wearing a +0 leather armour (56% to hit)
You throw a large rock. The large rock hits the orc priest!
The orc priest is almost dead.
The orc wizard mumbles some strange words.
The orc wizard flickers and vanishes!
Deactivating autopickup; reactivate with Ctrl-A.
The orc priest invokes the aid of Beogh against you.
Beogh smites you! The endoplasm closely misses you.
You hear a shout! x2
Throw: 3 large rocks
Press: ? - help, Q - select action, (/) - cycle Shift-Dir - straight line, f/p - orc priest
Aim: an orc priest, wielding a +0 club and wearing a +0 leather armour (almost dead, 56% to hit)
You throw a large rock.
The large rock barely misses the endoplasm.
The large rock closely misses the orc priest.
The endoplasm closely misses you.
The orc priest calls down the wrath of Beogh upon you.
Beogh smites you!
An orc comes into view. It is wielding a +0 hand axe.
The endoplasm freezes you.
You are frozen.
Throw: 2 large rocks
Press: ? - help, Q - select action, (/) - cycle Shift-Dir - straight line, f/p - orc priest
Aim: an orc priest, wielding a +0 club and wearing a +0 leather armour (almost dead, 56% to hit)
You throw a large rock.
The large rock barely misses the endoplasm.
The large rock hits the orc priest but does no damage.
The orc priest is almost dead.
You hear a shout!
The endoplasm freezes you.
You are frozen.
The orc priest calls down the wrath of Beogh upon you.
Beogh smites you!
* * * LOW HITPOINT WARNING * * *
The endoplasm freezes you.
You are frozen.
You die...

############
#.{J@..†...#
#...#######.#
...(. #.# .(o(
#.# #.. #.# #.
. #.# # .. #.#
##. #.#
#...###.#######


You could see an orc and an endoplasm.

Vanquished Creatures
  A scorpion (D:3)
  An adder (D:2)
  A dart slug (D:2)
  4 bats
  7 endoplasms
  3 giant cockroaches (D:2)
  4 goblins
  4 hobgoblins
  3 jackals (D:1)
  5 kobolds
  2 quokkas
  5 ball pythons
  4 frilled lizards
  2 rats
46 creatures vanquished.

Notes
Turn   | Place    | Note
-------+----------+-------------------------------------------
     0 | D:1      | porpoise the Troll Warper began the quest for the Orb.
     0 | D:1      | Reached XP level 1. HP: 19/19 MP: 1/1
   265 | D:1      | Reached XP level 2. HP: 28/28 MP: 2/2
   493 | D:1      | Found a faded altar of an unknown god.
   644 | D:2      | Reached XP level 3. HP: 35/35 MP: 3/3
   752 | D:2      | Found an ornate altar of the Wu Jian Council.
  1279 | D:3      | Noticed a scorpion
  1281 | D:3      | Killed a scorpion
  1282 | D:3      | Reached XP level 4. HP: 45/45 MP: 4/4
  1293 | D:3      | HP: 1/45 [orc priest/divine providence (14)]
  1293 | D:3      | Frozen to death by an endoplasm

Illustrated notes

Levels and vault maps discovered:
D:1:      dpeg_arrival_stonehenge_8_columns, layout_basic,
          hellmonk_ecumenical_altar_arch_garden
D:2:      layout_basic, basic_altar, small_statue_intersection
D:3:      layout_loops_ring, minmay_unequal

Skill      XL: |  1  2  3 |
---------------+----------+-----
Fighting       | 2 3 |  3.1
Unarmed Combat | 3 |  3.7
Throwing       | |  0.8
Dodging        | |  1.9
Spellcasting   | |  1.2
Translocations | |  2.1

Action                   |  1- 3 |  4- 6 || total
-------------------------+-------+-------++-------
Melee: Unarmed           |   122 |       ||   122
       Punch             |     3 |       ||     3
Throw: Large rock        |     2 |     4 ||     6
 Stab: Sleeping          |     1 |       ||     1
Armor: Robe              |    53 |       ||    53
Dodge: Dodged            |    63 |     2 ||    65

Table legend: (Time is in decaauts)
 A = Elapsed time spent in this place.
 B = Non-inter-level travel time spent in this place.
 C = Inter-level travel time spent in this place.
 D = Time resting spent in this place.
 E = Time spent auto-exploring this place.
 F = Levels seen in this place.
 G = Mean time per level.
                   A        B        C        D        E       F      G
               +--------+--------+--------+--------+--------+-----+--------+
         Total |   1290 |   1252 |     38 |    102 |    772 |   3 |  430.0 |
       Dungeon |   1290 |   1252 |     38 |    102 |    772 |   3 |  430.0 |
               +--------+--------+--------+--------+--------+-----+--------+

Top non-repeatable levels by time:
     D:1: 629 daAuts
     D:2: 589 daAuts
     D:3: 71 daAuts
